 Dungeon Crawl Stone Soup version 0.17.2 (webtiles) character file.

545 Goblin1989 the Cleaver (level 7, -3/58 HPs)
             Began as a Deep Dwarf Gladiator on May 16, 2016.
             Killed from afar by an orc wizard (7 damage)
             ... with a puff of frost
             ... on level 4 of the Dungeon.
             The game lasted 00:06:54 (2506 turns).

Goblin1989 the Cleaver (Deep Dwarf Gladiator)       Turns: 2506, Time: 00:06:54

Health: -3/58      AC:  2    Str: 20    XL:     7   Next: 6%
Magic:  8/8        EV: 13    Int:  9    God:
Gold:   238        SH:  0    Dex: 13    Spells: 0 memorised, 6 levels left

rFire  . . .     SeeInvis .     a - +0 war axe
rCold  . . .     Clarity  .     (no armour)
rNeg   . . .     SustAt   .     (no shield)
rPois  .         Gourm    .     m - +0 helmet
rElec  .         Spirit   .     (no cloak)
rCorr  .         Warding  .     q - +0 pair of gloves
rMut   .         Stasis   .     (no boots)
MR     +....                    (no amulet)
Stlth  +.........               (no ring)
                                (no ring)

@: non-regenerating, drained, somewhat resistant to hostile enchantments, very
unstealthy
A: damage resistance, recharge devices, sense surroundings 1, slow regeneration
3
a: Device Recharging


You were on level 4 of the Dungeon.
You were near starving.

You visited 1 branch of the dungeon, and saw 4 of its levels.

You collected 238 gold pieces.

Inventory:

Hand Weapons
 a - a +0 war axe (weapon)
Missiles
 d - 3 throwing nets {=f, !d}
 x - 3 needles of paralysis
Armour
 b - a +0 leather armour
 c - a +0 helmet
 m - a +0 helmet (worn)
 q - a +0 pair of gloves (worn)
 A - a +3 chain mail of cold resistance
Jewellery
 t - an uncursed ring of fire {unknown}
Wands
 e - a wand of heal wounds (1)
 v - a wand of cold (6)
 w - a wand of fireball (7)
Scrolls
 i - a scroll of noise {unknown}
 j - 5 scrolls of identify {unknown}
 k - a scroll of enchant armour {unknown}
 o - a scroll of enchant weapon {unknown}
 y - 2 scrolls of teleportation {unknown}
 z - a scroll of fear {unknown}
Potions
 g - a potion of curing
 l - a potion of magic {unknown}
 n - a potion of poison {unknown}
 r - a potion of lignification {unknown}
 s - a potion of agility {unknown}
 u - a potion of invisibility {unknown}
 B - a potion of flight {unknown}
Books
 C - a book of Flames

   Spells                             Type                      Level
   a - Flame Tongue                   Conjuration/Fire             1
   b - Throw Flame                    Conjuration/Fire             2
   c - Conjure Flame                  Conjuration/Fire             3
   d - Inner Flame                    Hexes/Fire                   3
   e - Sticky Flame                   Conjuration/Fire             4
   f - Fireball                       Conjuration/Fire             5
Comestibles
 f - 3 bread rations
 h - 4 fruits
 p - a meat ration


   Skills:
 - Level 1.7(1.5) Fighting
 * Level 8.3(8.1) Axes
 - Level 1.7(1.5) Throwing
 - Level 3.2(3.0) Dodging
 + Level 3.3(3.1) Evocations


You had 6 spell levels left.
You didn't know any spells.

Dungeon Overview and Level Annotations

Branches:
Dungeon (4/15)
 Temple: D:4-7

Altars:
Nemelex Xobeh


Innate Abilities, Weirdness & Mutations

You are resistant to damage.
You can recharge devices by infusing magical energy.
You passively map a small area around you.
You do not regenerate naturally.


Message History

You slash the orc!
You kill the orc!
You closely miss something.
You hear some strange, mumbled words.
A puff of frost appears from out of thin air!
The puff of frost hits you!
* * * LOW HITPOINT WARNING * * *
You take 12 damage, and have 16/58 hp.
MASSIVE DAMAGE!!
You hear some strange, mumbled words.
A puff of flame appears from out of thin air!
The puff of flame hits you!
* * * LOW HITPOINT WARNING * * *
Something hits you.
* * * LOW HITPOINT WARNING * * *
Items here: )))) [[ ††† You take 12 damage, and have 4/58 hp.
MASSIVE DAMAGE!!
You hear some strange, mumbled words.
A puff of frost appears from out of thin air!
The puff of frost hits you!
You die...

.................# ...........#
................. .[......<..#
.............#, ,*, ...........#
.......?.....###* ...........#
.(.............# ...........#
...............# * ,...........#
...........)...# ...........#
.............######.............#
...........)...)@....>######.####
...............#.............#
.............#.#.............#
.............#.#.............#
...###.......#.#.............#
.............#...............#
.............#.........#####.#
###.....<....#.........##....# .#
..... , #.........##'####


There were no monsters in sight!

Vanquished Creatures
  Edmund (D:4)
  A phantom (D:4)
  An orc priest (D:4)
  Ijyb (D:2)
  Jessica (D:2)
  2 iguanas (D:4)
  Natasha (thrice) (D:3)
  A worker ant (D:4)
  3 gnolls (D:2)
  5 adders
  2 worms (D:3)
  2 giant geckos
  4 orcs
  3 bats
  4 giant cockroaches
  6 goblins
  14 hobgoblins
  2 jackals (D:1)
  3 quokkas
  2 giant newts
  6 kobolds
  9 rats
76 creatures vanquished.

Notes
Turn   | Place    | Note
--------------------------------------------------------------
     0 | D:1      | Goblin1989 the Deep Dwarf Gladiator began the quest for the Orb.
     0 | D:1      | Reached XP level 1. HP: 19/19 MP: 1/1
   267 | D:1      | Reached XP level 2. HP: 12/26 MP: 2/2
   384 | D:1      | Reached skill level 4 in Axes
   838 | D:2      | Reached XP level 3. HP: 20/32 MP: 3/3
   847 | D:2      | Reached skill level 5 in Axes
   980 | D:2      | Noticed Ijyb
   989 | D:2      | Killed Ijyb
   989 | D:2      | Reached XP level 4. HP: 30/39 MP: 4/4
  1221 | D:2      | Noticed Jessica
  1233 | D:2      | Killed Jessica
  1233 | D:2      | Reached skill level 6 in Axes
  1386 | D:2      | Reached XP level 5. HP: 24/45 MP: 5/5
  1738 | D:3      | Noticed Natasha
  1748 | D:3      | Killed Natasha
  1844 | D:3      | Reached skill level 7 in Axes
  1969 | D:3      | Noticed Natasha
  1976 | D:3      | Killed Natasha
  2204 | D:3      | Noticed Natasha
  2204 | D:3      | Found a sparkling altar of Nemelex Xobeh.
  2212 | D:3      | Killed Natasha
  2380 | D:4      | Reached skill level 1 in Evocations
  2400 | D:4      | Reached XP level 6. HP: 48/52 MP: 4/6
  2431 | D:4      | Noticed a phantom
  2450 | D:4      | Noticed Edmund
  2466 | D:4      | Killed Edmund
  2484 | D:4      | Killed a phantom
  2484 | D:4      | Reached skill level 8 in Axes
  2496 | D:4      | Reached XP level 7. HP: 42/58 MP: 8/8
  2506 | D:4      | Killed from afar by an orc wizard

Action                   |  1- 3 |  4- 6 |  7- 9 || total
-------------------------+-------+-------+-------++-------
Melee: War axe           |    93 |   180 |     8 ||   281
 Abil: Device Recharging |       |     1 |       ||     1
Evoke: Wand              |     3 |     4 |       ||     7
 Stab: Sleeping          |       |     2 |       ||     2
  Eat: Chunk             |       |     4 |       ||     4
